Map: New Repugnancy LE

Players

curtdigger - Winner!

  • Race: Protoss Protoss
  • League: Platinum
  • Spawn Location: 1:00

Mesrob

  • Race: Terran Terran
  • League: Platinum
  • Spawn Location: 7:00

VOD

Have the link to the VOD?

Description

Time

  • Played on: July 11, 2019, 4:03 p.m.
  • Length: 5:55
Show
View Real Time Build Order
Export as new Build Order

curtdigger Protoss - Winner!

Build Orders:  

Get SALT Encoding   

  12  0:03  Probe  
  13  0:16  Probe  
  13  0:20  Pylon  
  14  0:28  Probe  
  15  0:42  Gateway  
  15  0:44  Probe  
  15  0:48  Assimilator  
  16  0:56  Probe  
  17  0:57  Assimilator  
  17  1:08  Probe  
  18  1:22  Gateway  
  18  1:24  Probe  
  19  1:40  Pylon  
  19  1:47  Cybernetics Core  
  19  1:51  Probe  
  20  2:03  Probe  
  21  2:08  Warp Gate  
  21  2:12  Pylon  
  21  2:15  Probe  
  22  2:23  Pylon  
  22  2:26  Sentry  
  24  2:34  Robotics Facility  
  24  2:38  Sentry  
  26  2:46  Forge  
  26  2:47  Probe  
  27  2:57  Stalker  
  29  3:09  Pylon  
  29  3:11  Stalker  
  31  3:21  Immortal  
  35  3:40  Stalker  
  37  3:52  Immortal  
  41  4:11  Stalker  
  43  4:20  Stalker  
  45  4:36  Stalker  
  47  4:46  Nexus  
  47  5:00  Stalker  
  47  5:31  Stalker x2  
Show
View Real Time Build Order
Export as new Build Order

Mesrob Terran 

Build Orders: 2 Factory, Reaper Expand 

Get SALT Encoding   

  12  0:00  SCV  
  13  0:12  SCV  
  14  0:17  Supply Depot  
  14  0:25  SCV  
  15  0:39  SCV  
  15  0:40  Barracks  
  16  0:46  Refinery  
  16  0:54  SCV  
  17  1:06  SCV  
  18  1:18  SCV  
  19  1:30  Orbital Command  
  19  1:42  Command Center  
  19  1:45  Reaper  
  20  1:59  SCV  
  21  2:06  Factory  
  21  2:11  SCV  
  22  2:23  Barracks Reactor  
  22  2:27  Refinery, SCV  
  23  2:43  Supply Depot  
  23  2:54  SCV  
  24  2:58  Factory  
  24  3:06  SCV  
  24  3:10  Hellion x2  
  29  3:18  Orbital Command  
  29  3:20  SCV  
  30  3:28  Supply Depot  
  30  3:33  SCV  
  31  3:34  Hellion  
  31  3:39  Hellion  
  35  3:41  Factory Tech Lab  
  35  3:43  Factory  
  35  3:48  SCV  
  36  3:49  SCV  
  36  3:52  Supply Depot  
  37  4:00  SCV  
  38  4:17  Refinery  
  38  4:18  SCV  
  38  4:19  SCV  
  38  4:20  Cyclone, Armory  
  38  4:22  Hellion x2  
  47  4:31  SCV  
  48  4:35  Supply Depot  
  48  4:37  Engineering Bay  
  48  4:42  SCV  
  48  4:43  SCV  
  48  4:45  Factory Tech Lab  
  50  4:52  Cyclone  
  53  4:54  SCV  
  53  4:55  SCV  
  53  4:59  Supply Depot  
  55  5:08  Marine  
  55  5:12  Cyclone  
  55  5:13  Hellion  
  61  5:17  Hellion  
Tags
 
Add a new tag
Caveats
  • Supply blocks, unpowered buildings, or Contaminate may cause inaccurate times.
  • Supply counts are checked every 10 seconds.